| TOP OF THE 1ST |
|
Atlanta Braves batting - Pitching for Colorado Rockies : RHP Gabe Stokes
|
|
Pitching: RHP Gabe Stokes
|
|
|
Batting: RHB Yasuhide Kasahara
|
0-0: Called Strike 0-1: Swinging Strike 0-2: Ball 1-2: Ball 2-2: Foul Ball, location: 2F 2-2: SINGLE (Flyball, 8RS, EV 95.6 MPH)
|
|
Batting: SHB Floyd-William Goof
|
0-0: Ball Yasuhide Kasahara steals 2nd base (no throw) 1-0: Ball 2-0: Ball Wild Pitch! Yasuhide Kasahara to third 3-0: Called Strike 3-1: Foul Ball, location: 2F 3-2: SINGLE (Line Drive, 34, EV 96.2 MPH) Yasuhide Kasahara scores
|
|
Batting: LHB Erik Gretzky
|
0-0: Ball Floyd-William Goof steals 2nd, throwing error, E2 Floyd-William Goof to third 1-0: SINGLE (Groundball, 13, EV 84.4 MPH) (infield hit) Floyd-William Goof scores
|
|
Batting: RHB Ike Trout
|
0-0: Ball 1-0: Ball 2-0: SINGLE (Flyball, 8RS, EV 91.9 MPH) Erik Gretzky to second Runner from 2nd tries for 3rd, OUT! 8-5
|
|
Batting: RHB Kevin Howard
|
0-0: Ball 1-0: Ball 2-0: Ball 3-0: Base on Balls Ike Trout to second
|
|
Batting: RHB Erik Coleman
|
0-0: Called Strike 0-1: Ball 1-1: Foul Ball, location: 2F 1-2: Ball 2-2: Strikes out swinging
|
|
Batting: RHB Manny Vergara
|
0-0: 3-RUN HOME RUN (Flyball, 78XD, EV 108.8 MPH), Distance : 418 ft
|
|
Batting: RHB Zheng-ze King
|
0-0: Called Strike 0-1: Called Strike 0-2: Strikes out swinging
|
| Top of the 1st over - 5 runs, 5 hits, 1 error, 0 left on base; Atlanta 5 - Colorado 0 |
| BOTTOM OF THE 1ST |
|
Colorado Rockies batting - Pitching for Atlanta Braves : RHP Jeremy Kasten
|
|
Pitching: RHP Jeremy Kasten
|
|
|
Batting: LHB Andy Bowman
|
0-0: Fly out, F8 (Flyball, 78M, EV 91.2 MPH)
|
|
Batting: SHB Eddie Quinones
|
0-0: Ball 1-0: Swinging Strike 1-1: Foul Ball, location: 2F 1-2: Fly out, F8 (Flyball, 8LM, EV 83.8 MPH)
|
|
Batting: SHB Jerry Luckwell
|
0-0: Ball 1-0: Swinging Strike 1-1: SINGLE (Groundball, 6S, EV 67.5 MPH) (infield hit)
|
|
Batting: LHB Shawn Morrison
|
0-0: Ball 1-0: Ball Jerry Luckwell steals 2nd base 2-0: Fly out, F7 (Line Drive, 7, EV 108.1 MPH)
|
| Bottom of the 1st over - 0 runs, 1 hit, 0 errors, 1 left on base; Atlanta 5 - Colorado 0 |
| TOP OF THE 2ND |
|
Atlanta Braves batting - Pitching for Colorado Rockies : RHP Gabe Stokes
|
|
Batting: RHB Liangde Li
|
0-0: Ball 1-0: Swinging Strike 1-1: Called Strike 1-2: Ball 2-2: Ball 3-2: Ground out 3-1 (Groundball, 34, EV 106.2 MPH)
|
|
Batting: RHB Yasuhide Kasahara
|
0-0: Ball 1-0: Swinging Strike 1-1: Foul Ball, location: 2F 1-2: Foul Ball, location: 2F 1-2: SINGLE (Groundball, 56S, EV 64.4 MPH) (infield hit)
|
|
Batting: SHB Floyd-William Goof
|
0-0: Grounds out, U3 (Groundball, 3L, EV 90.0 MPH)
|
|
Batting: LHB Erik Gretzky
|
0-0: Called Strike 0-1: SINGLE (Line Drive, 78S, EV 95.0 MPH) Yasuhide Kasahara to third Runner from 3rd tries for Home, throw by LF and OUT! 7-2
|
| Top of the 2nd over - 0 runs, 2 hits, 0 errors, 1 left on base; Atlanta 5 - Colorado 0 |
| BOTTOM OF THE 2ND |
|
Colorado Rockies batting - Pitching for Atlanta Braves : RHP Jeremy Kasten
|
|
Batting: RHB Henry Alvizo
|
0-0: SINGLE (Groundball, 6S, EV 73.8 MPH) (infield hit)
|
|
Batting: LHB Bi-jun Chien
|
0-0: Foul Ball, location: 2F 0-1: Called Strike 0-2: Ball 1-2: Fielders Choice at 2nd, 6-4 (Groundball, 6, EV 86.2 MPH)
|
|
Batting: LHB Greg Valenzuela
|
0-0: TRIPLE (Line Drive, 89XD, EV 106.2 MPH) Bi-jun Chien scores
|
|
Batting: SHB Andy Vivas
|
0-0: Swinging Strike 0-1: Swinging Strike 0-2: Ball 1-2: Strikes out swinging
|
|
Batting: RHB Eduardo Camacho
|
0-0: Ball 1-0: Swinging Strike 1-1: Ground out 4-3 (Groundball, 4, EV 98.8 MPH)
|
| Bottom of the 2nd over - 1 run, 2 hits, 0 errors, 1 left on base; Atlanta 5 - Colorado 1 |
| TOP OF THE 3RD |
|
Atlanta Braves batting - Pitching for Colorado Rockies : RHP Gabe Stokes
|
|
Batting: RHB Ike Trout
|
0-0: Foul Ball, location: 2F 0-1: Foul Ball, location: 2F 0-2: SINGLE (Line Drive, 9LM, EV 91.9 MPH)
|
|
Batting: RHB Kevin Howard
|
0-0: Called Strike 0-1: 2-RUN HOME RUN (Flyball, 89XD, EV 105.6 MPH), Distance : 415 ft
|
|
Pitching: RHP Jaden Mackey
|
|
|
Batting: RHB Erik Coleman
|
0-0: Called Strike 0-1: Foul Ball, location: 2F 0-2: SINGLE (Groundball, 34D, EV 94.4 MPH)
|
|
Batting: RHB Manny Vergara
|
0-0: Called Strike 0-1: Ball 1-1: Called Strike 1-2: Strikes out swinging
|
|
Batting: RHB Zheng-ze King
|
0-0: Ball 1-0: Ball 2-0: Ball 3-0: Foul Ball, location: 2F 3-1: Hit by Pitch Erik Coleman to second
|
|
Batting: RHB Liangde Li
|
0-0: Ball 1-0: Swinging Strike 1-1: Foul Ball, location: 2F 1-2: Ball 2-2: Strikes out looking
|
|
Batting: RHB Yasuhide Kasahara
|
0-0: Called Strike 0-1: Fielders Choice at 2nd, 5-4 (Groundball, 56, EV 83.8 MPH)
|
| Top of the 3rd over - 2 runs, 3 hits, 0 errors, 2 left on base; Atlanta 7 - Colorado 1 |
| BOTTOM OF THE 3RD |
|
Colorado Rockies batting - Pitching for Atlanta Braves : RHP Jeremy Kasten
|
|
Batting: LHB Andy Bowman
|
0-0: Swinging Strike 0-1: Fly out, F8 (Flyball, 8LD, EV 91.2 MPH)
|
|
Batting: SHB Eddie Quinones
|
0-0: Called Strike 0-1: Ground out U3 (Groundball, 3, EV 90.6 MPH)
|
|
Batting: SHB Jerry Luckwell
|
0-0: Called Strike 0-1: Ball 1-1: SOLO HOME RUN (Flyball, 89XD, EV 101.2 MPH), Distance : 391 ft
|
|
Batting: LHB Shawn Morrison
|
0-0: Called Strike 0-1: Ball 1-1: Ball 2-1: Ball 3-1: Foul Ball, location: 2F 3-2: Base on Balls
|
|
Batting: RHB Henry Alvizo
|
0-0: Ball 1-0: Foul Ball, location: 2F 1-1: Called Strike Shawn Morrison is caught stealing 2nd base 2-4
|
| Bottom of the 3rd over - 1 run, 1 hit, 0 errors, 0 left on base; Atlanta 7 - Colorado 2 |
| TOP OF THE 4TH |
|
Atlanta Braves batting - Pitching for Colorado Rockies : RHP Jaden Mackey
|
|
Batting: SHB Floyd-William Goof
|
0-0: Called Strike 0-1: Ball 1-1: Called Strike 1-2: TRIPLE (Flyball, 78XD, EV 103.1 MPH)
|
|
Batting: LHB Erik Gretzky
|
0-0: Ball 1-0: Ground out U3 (Groundball, 3, EV 110.0 MPH)
|
|
Batting: RHB Ike Trout
|
0-0: Ball 1-0: Called Strike 1-1: Fly out, F9 (Flyball, 89S, EV 88.8 MPH)
|
|
Batting: RHB Kevin Howard
|
0-0: Ball 1-0: Ball 2-0: Foul Ball, location: 2F 2-1: Swinging Strike 2-2: Ball 3-2: Foul Ball, location: 2F 3-2: Ground out 6-3 (Groundball, 6, EV 82.5 MPH)
|
| Top of the 4th over - 0 runs, 1 hit, 0 errors, 1 left on base; Atlanta 7 - Colorado 2 |
| BOTTOM OF THE 4TH |
|
Colorado Rockies batting - Pitching for Atlanta Braves : RHP Jeremy Kasten
|
|
Batting: RHB Henry Alvizo
|
0-0: Ball 1-0: Ball 2-0: Ground out U3 (Groundball, 3, EV 87.5 MPH)
|
|
Batting: LHB Bi-jun Chien
|
0-0: Ball 1-0: Foul Ball, location: 2F 1-1: Ball 2-1: Ball 3-1: SINGLE (Flyball, 3D, EV 93.1 MPH)
|
|
Batting: LHB Greg Valenzuela
|
0-0: Called Strike Bi-jun Chien steals 2nd base 0-1: Ball 1-1: Ball 2-1: Foul Ball, location: 2F 2-2: TRIPLE (Line Drive, 8RXD, EV 108.1 MPH) Bi-jun Chien scores
|
|
Batting: SHB Andy Vivas
|
0-0: DOUBLE (Flyball, 8RXD, EV 105.6 MPH) Greg Valenzuela scores
|
|
Batting: RHB Eduardo Camacho
|
0-0: Swinging Strike 0-1: Ball 1-1: SINGLE (Line Drive, 4MD, EV 105.0 MPH) Andy Vivas to third
|
|
Batting: LHB Andy Bowman
|
0-0: Ball 1-0: Ball 2-0: Ball 3-0: Base on Balls Eduardo Camacho to second
|
|
Batting: SHB Eddie Quinones
|
0-0: Called Strike 0-1: Ball 1-1: Swinging Strike 1-2: Ball 2-2: Ball 3-2: Strikes out looking
|
|
Batting: SHB Jerry Luckwell
|
0-0: Ball 1-0: Ball 2-0: Called Strike 2-1: Ball 3-1: Base on Balls Andy Vivas scores Eduardo Camacho to third Andy Bowman to second
|
|
Pitching: RHP Alard Kraaijeveld
|
|
|
Batting: LHB Shawn Morrison
|
0-0: Called Strike 0-1: Ball 1-1: GRAND SLAM HOME RUN (Flyball, 78XD, EV 110.0 MPH), Distance : 422 ft
|
|
Batting: RHB Henry Alvizo
|
0-0: Called Strike 0-1: Foul Ball, location: 2F 0-2: SINGLE (Groundball, 4MD, EV 104.4 MPH)
|
|
Batting: LHB Bi-jun Chien
|
0-0: Fly out, F8 (Flyball, 8RM, EV 83.1 MPH)
|
| Bottom of the 4th over - 7 runs, 6 hits, 0 errors, 1 left on base; Atlanta 7 - Colorado 9 |
| TOP OF THE 5TH |
|
Atlanta Braves batting - Pitching for Colorado Rockies : RHP Jaden Mackey
|
|
Batting: RHB Erik Coleman
|
0-0: Ball 1-0: SINGLE (Groundball, 56S, EV 69.4 MPH) (infield hit)
|
|
Batting: RHB Manny Vergara
|
0-0: Ball 1-0: Foul Ball, location: 2F 1-1: Fly out, F8 (Line Drive, 8LM, EV 102.5 MPH)
|
|
Pitching: RHP Jim Butler
|
|
|
Batting: RHB Zheng-ze King
|
0-0: Called Strike 0-1: SINGLE (Flyball, 7LS, EV 85.6 MPH) Erik Coleman to second
|
|
Batting: RHB Liangde Li
|
0-0: Called Strike 0-1: Ball 1-1: Called Strike 1-2: Ball 2-2: Strikes out swinging
|
|
Batting: RHB Yasuhide Kasahara
|
0-0: SINGLE (Line Drive, 34, EV 98.8 MPH) Erik Coleman to third Zheng-ze King to second
|
|
Batting: SHB Floyd-William Goof
|
0-0: Ball Wild Pitch! Erik Coleman scores Zheng-ze King to third Yasuhide Kasahara to second 1-0: Ball 2-0: Ball 3-0: Base on Balls
|
|
Batting: LHB Erik Gretzky
|
0-0: Ball 1-0: Ball 2-0: Ball 3-0: Base on Balls Zheng-ze King scores Yasuhide Kasahara to third Floyd-William Goof to second
|
|
Batting: RHB Ike Trout
|
0-0: Called Strike 0-1: Called Strike 0-2: Strikes out swinging
|
| Top of the 5th over - 2 runs, 3 hits, 0 errors, 3 left on base; Atlanta 9 - Colorado 9 |
| BOTTOM OF THE 5TH |
|
Colorado Rockies batting - Pitching for Atlanta Braves : RHP Alard Kraaijeveld
|
|
Batting: LHB Greg Valenzuela
|
0-0: Ball 1-0: Swinging Strike 1-1: Ball 2-1: Foul Ball, location: 2F 2-2: Foul Ball, location: 2F 2-2: Foul Ball, location: 2F 2-2: Foul Ball, location: 2F 2-2: Ground out 4-3 (Groundball, 4, EV 88.1 MPH)
|
|
Batting: SHB Andy Vivas
|
0-0: Ball 1-0: Called Strike 1-1: Foul Ball, location: 2F 1-2: Ball 2-2: Fly out, F7 (Flyball, 7, EV 88.1 MPH)
|
|
Batting: RHB Eduardo Camacho
|
0-0: Called Strike 0-1: Ball 1-1: Foul Ball, location: 2F 1-2: Ball 2-2: Ball 3-2: Foul Ball, location: 2F 3-2: Base on Balls
|
|
Batting: LHB Andy Bowman
|
0-0: Ball 1-0: Foul Ball, location: 2F 1-1: Fly out, F8 (Flyball, 8RD, EV 91.2 MPH)
|
| Bottom of the 5th over - 0 runs, 0 hits, 0 errors, 1 left on base; Atlanta 9 - Colorado 9 |
| TOP OF THE 6TH |
|
Atlanta Braves batting - Pitching for Colorado Rockies : RHP Jim Butler
|
|
Batting: RHB Kevin Howard
|
0-0: Ball 1-0: Ball 2-0: Swinging Strike 2-1: Ball 3-1: Called Strike 3-2: Strikes out looking
|
|
Batting: RHB Erik Coleman
|
0-0: Swinging Strike 0-1: Called Strike 0-2: Foul Ball, location: 2F 0-2: Ball 1-2: Ground out 6-3 (Groundball, 6, EV 81.2 MPH)
|
|
Batting: RHB Manny Vergara
|
0-0: Ball 1-0: Foul Ball, location: 2F 1-1: Ball 2-1: Foul Ball, location: 2F 2-2: SINGLE (Groundball, 6, EV 100.6 MPH)
|
|
Pitching: RHP Tye Dickinson
|
|
|
Batting: RHB Zheng-ze King
|
0-0: Swinging Strike 0-1: Ball 1-1: TRIPLE (Flyball, 78XD, EV 100.6 MPH) Manny Vergara scores
|
|
Batting: RHB Liangde Li
|
0-0: Foul Ball, location: 2F 0-1: Ball 1-1: Ball 2-1: Foul Ball, location: 2F 2-2: Foul Ball, location: 2F 2-2: Foul Ball, location: 2F 2-2: Ball 3-2: 2-RUN HOME RUN (Flyball, 7D, EV 99.4 MPH), Distance : 378 ft
|
|
Batting: RHB Yasuhide Kasahara
|
0-0: Called Strike 0-1: Swinging Strike 0-2: Ball 1-2: Strikes out looking
|
| Top of the 6th over - 3 runs, 3 hits, 0 errors, 0 left on base; Atlanta 12 - Colorado 9 |
| BOTTOM OF THE 6TH |
|
Colorado Rockies batting - Pitching for Atlanta Braves : RHP Alard Kraaijeveld
|
|
Batting: SHB Eddie Quinones
|
0-0: DOUBLE (Groundball, 3L, EV 107.5 MPH)
|
|
Batting: SHB Jerry Luckwell
|
0-0: Called Strike 0-1: Foul Ball, location: 2F 0-2: Fly out, F8 (Line Drive, 8LD, EV 88.8 MPH) Runner from 2nd tags up, SAFE at 3rd with throw by CF
|
|
Batting: LHB Shawn Morrison
|
0-0: Called Strike 0-1: Foul Ball, location: 2F 0-2: Ball 1-2: TRIPLE (Flyball, 89XD, EV 96.9 MPH) Eddie Quinones scores
|
|
Batting: RHB Henry Alvizo
|
0-0: Called Strike 0-1: Foul Ball, location: 2F 0-2: Foul Ball, location: 2F 0-2: Ball 1-2: Foul Ball, location: 2F 1-2: Ball 2-2: Foul Ball, location: 2F 2-2: Ball 3-2: Strikes out swinging
|
|
Pitching: LHP Gil Longoria
|
|
|
Batting: LHB Bi-jun Chien
|
0-0: Called Strike 0-1: Swinging Strike 0-2: Foul Ball, location: 2F 0-2: Ball 1-2: Ball 2-2: Strikes out swinging
|
| Bottom of the 6th over - 1 run, 2 hits, 0 errors, 1 left on base; Atlanta 12 - Colorado 10 |
| TOP OF THE 7TH |
|
Atlanta Braves batting - Pitching for Colorado Rockies : RHP Tye Dickinson
|
|
Pitching: LHP Bill Ogren
|
|
|
Batting: SHB Floyd-William Goof
|
0-0: Ball 1-0: Ball 2-0: Ball 3-0: Called Strike 3-1: Called Strike 3-2: Base on Balls
|
|
Batting: LHB Erik Gretzky
|
0-0: Ball Floyd-William Goof is caught stealing 2nd base 2-6 1-0: Ball 2-0: Called Strike 2-1: Ground out 4-3 (Groundball, 34, EV 83.8 MPH)
|
|
Batting: RHB Ike Trout
|
0-0: Ball 1-0: SOLO HOME RUN (Flyball, 7D, EV 95.0 MPH), Distance : 381 ft
|
|
Batting: RHB Kevin Howard
|
0-0: Ball 1-0: Ball 2-0: Called Strike 2-1: Foul Ball, location: 2F 2-2: Ball 3-2: Base on Balls
|
|
Batting: RHB Erik Coleman
|
0-0: Ball 1-0: Ball 2-0: Ball 3-0: Base on Balls Kevin Howard to second
|
|
Pitching: LHP Parker Martinet
|
|
|
Batting: RHB Manny Vergara
|
0-0: Ball 1-0: Ground out 5-3 (Groundball, 15, EV 83.1 MPH)
|
| Top of the 7th over - 1 run, 1 hit, 0 errors, 2 left on base; Atlanta 13 - Colorado 10 |
| BOTTOM OF THE 7TH |
|
Colorado Rockies batting - Pitching for Atlanta Braves : LHP Gil Longoria
|
|
Batting: LHB Greg Valenzuela
|
0-0: Called Strike 0-1: Ball 1-1: Ground out 6-3 (Groundball, 6MD, EV 105.0 MPH)
|
|
Batting: SHB Andy Vivas
|
0-0: Ground out 1-3 (Groundball, 34S, EV 70.6 MPH)
|
|
Batting: RHB Eduardo Camacho
|
0-0: SINGLE (Groundball, 6S, EV 66.2 MPH) (infield hit)
|
|
Batting: LHB Andy Bowman
|
0-0: Ball 1-0: Called Strike 1-1: Ball 2-1: Called Strike 2-2: Strikes out swinging
|
| Bottom of the 7th over - 0 runs, 1 hit, 0 errors, 1 left on base; Atlanta 13 - Colorado 10 |
| TOP OF THE 8TH |
|
Atlanta Braves batting - Pitching for Colorado Rockies : LHP Parker Martinet
|
|
Batting: RHB Zheng-ze King
|
0-0: Called Strike 0-1: Ball 1-1: Swinging Strike 1-2: Ball 2-2: Strikes out swinging
|
|
Batting: RHB Liangde Li
|
0-0: Called Strike 0-1: DOUBLE (Groundball, 5L, EV 93.8 MPH)
|
|
Batting: RHB Yasuhide Kasahara
|
0-0: Ball Liangde Li steals 3rd base 1-0: Foul Ball, location: 2F 1-1: Ball 2-1: Foul Ball, location: 2F 2-2: Strikes out swinging
|
|
Batting: SHB Floyd-William Goof
|
0-0: Ball 1-0: Called Strike 1-1: Ground out 3-1 (Groundball, 34, EV 108.8 MPH)
|
| Top of the 8th over - 0 runs, 1 hit, 0 errors, 1 left on base; Atlanta 13 - Colorado 10 |
| BOTTOM OF THE 8TH |
|
Colorado Rockies batting - Pitching for Atlanta Braves : LHP Gil Longoria
|
|
Pitching: LHP Shingo Miura
|
|
|
Batting: SHB Eddie Quinones
|
0-0: Ball 1-0: Foul Ball, location: 2F 1-1: Ground out 5-3 (Groundball, 56S, EV 91.2 MPH)
|
|
Batting: SHB Jerry Luckwell
|
0-0: Ball 1-0: Ball 2-0: Called Strike 2-1: SINGLE (Flyball, 4D, EV 87.5 MPH)
|
|
Batting: LHB Shawn Morrison
|
0-0: Grounds into double play, 4-6-3 (Groundball, 4, EV 92.5 MPH)
|
| Bottom of the 8th over - 0 runs, 1 hit, 0 errors, 0 left on base; Atlanta 13 - Colorado 10 |
| TOP OF THE 9TH |
|
Atlanta Braves batting - Pitching for Colorado Rockies : LHP Parker Martinet
|
|
Pitching: RHP Mitch Guerrero
|
|
|
Batting: LHB Erik Gretzky
|
0-0: Called Strike 0-1: Ground out U3 (Groundball, 34, EV 83.8 MPH)
|
|
Batting: RHB Ike Trout
|
0-0: Foul Ball, location: 2F 0-1: Ball 1-1: Swinging Strike 1-2: Strikes out swinging
|
|
Batting: RHB Kevin Howard
|
0-0: Ball 1-0: Called Strike 1-1: Swinging Strike 1-2: Foul Ball, location: 2F 1-2: Ball 2-2: Ground out 4-3 (Groundball, 4M, EV 86.2 MPH)
|
| Top of the 9th over - 0 runs, 0 hits, 0 errors, 0 left on base; Atlanta 13 - Colorado 10 |
| BOTTOM OF THE 9TH |
|
Colorado Rockies batting - Pitching for Atlanta Braves : LHP Shingo Miura
|
|
Pitching: LHP Sam Schrecengost
|
|
|
Batting: RHB Henry Alvizo
|
0-0: Foul Ball, location: 2F 0-1: Ball 1-1: SINGLE (Groundball, 13S, EV 65.0 MPH) (infield hit)
|
|
Batting: LHB Bi-jun Chien
|
0-0: Ball 1-0: Foul Ball, location: 2F 1-1: Ball 2-1: Foul Ball, location: 2F 2-2: Ground out 5-3 (Groundball, 6, EV 90.6 MPH) Henry Alvizo to second
|
|
Pinch Hitting: SHB Jon Munoz
|
0-0: Ball 1-0: Swinging Strike 1-1: Ground out 4-3 (Groundball, 4, EV 111.2 MPH) Henry Alvizo to third
|
|
Batting: SHB Andy Vivas
|
0-0: Ball 1-0: Ball 2-0: Called Strike Steal of home, Henry Alvizo is out
|
| Bottom of the 9th over - 0 runs, 1 hit, 0 errors, 0 left on base; Atlanta 13 - Colorado 10 |
|